 Dungeon Crawl Stone Soup version 0.24.0-13-gcf9b319 (webtiles) character file.

Game seed: 1297009433375285186, levelgen mode: deterministic

302395 wrhowe the Executioner (level 20, -11/191 HPs)
             Began as a Minotaur Berserker on Jan 22, 2020.
             Was the Champion of Trog.
             Mangled by Mennas
             ... wielding a +4 eudemon blade of holy wrath
              (12 damage)
             ... on level 3 of the Vaults on Jan 24, 2020.
             The game lasted 06:55:21 (36515 turns).

wrhowe the Executioner (Minotaur Berserker)        Turns: 36515, Time: 06:55:22

Health: -11/191    AC: 29    Str: 33    XL:     20   Next: 21%
Magic:  28/28      EV: 14    Int: 19    God:    Trog [******]
Gold:   2002       SH:  0    Dex: 16    Spells: 19/19 levels left

rFire    . . .     SeeInvis .   K - +9 executioner's axe (chop)
rCold    x . .     Gourm    .   (shield currently unavailable)
rNeg     + . .     Faith    .   G - +8 chain mail of Ukuprina {MP+9 Str+3 Int+7 Stlth-}
rPois    +         Spirit   .   (helmet restricted)
rElec    +         Reflect  .   D - +2 cloak {+Inv}
rCorr    +         Harm     .   W - +0 pair of gloves of a Labyrinth {rPois rC- Int+10 Dex+4}
MR       +....                  q - +1 pair of boots of the Trilobite {rElec rN+ Int-3}
Stlth    ..........             w - amulet of regeneration
HPRegen  0.81/turn              J - ring "Xol Xux" {rCorr Slay+2}
MPRegen  0.21/turn              F - +2 ring of strength

@: marked, glowing, silenced
A: retaliatory headbutt, horns 2
}: 2/15 runes: decaying, serpentine
a: Renounce Religion, Evoke Invisibility


You were on level 3 of the Vaults.
You worshipped Trog.
Trog was exalted by your worship.
You were not hungry.

You visited 7 branches of the dungeon, and saw 35 of its levels.
You visited the Abyss 1 time.
You also visited: Ossuary and Volcano.

You collected 3599 gold pieces.
You spent 1597 gold pieces at shops.

Inventory:

Hand Weapons
 a - the +2 battleaxe of Trog {flame, MR+ Int+2 Dex+3 Stlth-}
   (Trog gifted it to you on level 14 of the Dungeon)

   It has been specially enchanted to burn those struck by it, causing extra
   injury to most foes and up to half again as much damage against particularly
   susceptible opponents.
   Big, fiery blades are also staple armaments of hydra-hunters.
   It affects your intelligence (+2).
   It affects your dexterity (+3).
   It affects your resistance to hostile enchantments.
   It makes you less stealthy.
 u - a +6 executioner's axe of flaming
 I - a +2 demon whip of freezing
 K - a +9 executioner's axe of chopping (weapon)
 Q - a +2 war axe of draining
Missiles
 s - 15 silver boomerangs
 t - 28 boomerangs (quivered)
 N - 13 javelins
Armour
 b - a +1 shield of fire resistance
 q - the +1 pair of boots of the Trilobite (worn) {rElec rN+ Int-3}
   (You bought it in a shop on level 8 of the Dungeon)

   It affects your intelligence (-3).
   It insulates you from electricity.
   It protects you from negative energy.
 z - +3 fire dragon scales
 D - a +2 cloak of invisibility (worn)
 G - the +8 chain mail of Ukuprina (worn) {MP+9 Str+3 Int+7 Stlth-}
   (You bought it in a shop on level 6 of the Dungeon)

   It affects your strength (+3).
   It affects your intelligence (+7).
   It affects your magic capacity (+9).
   It makes you less stealthy.
 W - the +0 pair of gloves of a Labyrinth (worn) {rPois rC- Int+10 Dex+4}
   (You acquired it on level 11 of the Dungeon)

   It affects your intelligence (+10).
   It affects your dexterity (+4).
   It makes you vulnerable to cold.
   It protects you from poison.
Jewellery
 w - an amulet of regeneration (around neck)
 F - a +2 ring of strength (right hand)
 J - the ring "Xol Xux" (left hand) {rCorr Slay+2}
   (You found it on level 2 of the Vaults)

   [ring of resist corrosion]

   It affects your accuracy and damage with ranged weapons and melee attacks
   (+2).
   It provides partial protection from all sources of acid and corrosion.
 L - a +4 ring of evasion
 R - an uncursed ring of protection from fire
 S - an uncursed ring of flight
Wands
 h - a wand of paralysis (21)
 y - a wand of polymorph (23)
 A - a wand of clouds (6)
 M - a wand of flame (36)
 P - a wand of acid (14)
 T - a wand of enslavement (32)
 X - a wand of iceblast (42)
 Y - a wand of disintegration (43)
Scrolls
 c - 13 scrolls of teleportation
 d - a scroll of blinking
 o - 3 scrolls of fog
 p - 4 scrolls of magic mapping
 v - 4 scrolls of identify
 E - a scroll of immolation
 H - a scroll of brand weapon
 V - 10 scrolls of remove curse
 Z - a scroll of fear
Potions
 f - 7 potions of might
 g - 3 potions of cancellation
 i - 14 potions of curing
 j - 4 potions of flight
 k - 5 potions of haste
 m - 3 potions of resistance
 r - 10 potions of agility
 x - 6 potions of lignification
 B - 3 potions of invisibility
 C - 10 potions of brilliance
 O - 2 potions of ambrosia
Miscellaneous
 U - a fan of gales
Comestibles
 l - 32 rations


   Skills:
 + Level 19.5 Fighting
 - Level 26.0 Axes
   Level 0.8(18.0) Polearms
 * Level 16.8 Throwing
 + Level 15.1 Armour
 + Level 7.4 Dodging
 + Level 1.6 Stealth
 + Level 1.9 Unarmed Combat


You had 19 spell levels left.
You didn't know any spells.
Your spell library was empty.

Dungeon Overview and Level Annotations

Branches:
Dungeon (15/15)            Temple (1/1) D:6            Lair (6/6) D:8
  Swamp (4/4) Lair:4        Snake (4/4) Lair:3        Slime (0/5) Lair:6
    Orc (2/2) D:12            Elf (0/3) Orc:2        Vaults (3/5) D:14
  Crypt (0/3) Vaults:2     Depths (0/5) D:15        Ossuary (visited)
Volcano (visited)

Altars:
Ashenzari
Cheibriados
Dithmenos
Elyvilon
Fedhas
Gozag
Hepliaklqana
Kikubaaqudgha
Makhleb
Nemelex Xobeh
Okawaru
Qazlal
Ru
Sif Muna
Trog
Uskayaw
Vehumet
Wu Jian
Xom
Yredelemnul
Zin
The Shining One
Beogh
Jiyva
Lugonu

Shops:
D:6 [=:(   D:8 (*(}[   D:14 (   Orc:2 [(?(

Annotations:
Lair:6 2 runed translucent doors
Snake:3 Roxanne
Vaults:3 Mennas


Innate Abilities, Weirdness & Mutations

You reflexively headbutt those who attack you in melee.
You have a pair of horns on your head.


Message History

Mennas hits you with a +4 eudemon blade of holy wrath!
* * * LOW HITPOINT WARNING * * *
Mennas blocks your attack.
Mennas is moderately wounded.
You slice the freezing wraith!!
The freezing wraith hits you but does no damage.
The freezing wraith barely misses you. Mennas hits you but does no damage. x2
Mennas hits you with a +4 eudemon blade of holy wrath!
* * * LOW HITPOINT WARNING * * *
Mennas hits you but does no damage.
There is an open door, spattered with blood here.
Mennas hits you with a +4 eudemon blade of holy wrath!
* * * LOW HITPOINT WARNING * * *
Mennas hits you but does no damage. Mennas blocks your attack.
Your headbutt misses Mennas.
Mennas is lightly wounded.
Mennas hits you with a +4 eudemon blade of holy wrath!
* * * LOW HITPOINT WARNING * * *
Mennas hits you with a +4 eudemon blade of holy wrath!
You die...

##.....#### .#.....#..#
.'.....'..# .#.....#..#
##)....#### .)##'##...#
))#..†#...# ###### ##
(.#...#...# #....#..#
'##############.@.##..##
..............##A##)...##'
........(.(((('.W).[......
..####..####..)))†.†......
..#..#..#..#..##+##....##'
(.#..#..#..#..+ #..## ###
..##'#..##'#..# ..# #..
..............# ### #..
..............# #..


You could see Mennas and a freezing wraith.

Vanquished Creatures
  Bai Suzhen (Swamp:3)
  Saint Roka (Snake:2)
  Nikola (Swamp:3)
  Jorgrun (Snake:3)
  Rupert (D:13)
  Asterion (Vaults:3)
  3 sphinxes
  2 tentacled starspawn
  Kirke (D:13)
  A thorn hunter (Abyss:5)
  Donald (Snake:1)
  8 nagarajas (Snake:4)
  2 fire giants (Vaults:1)
  Louise (Swamp:4)
  8 vault wardens
  A deep elf sorcerer (Vaults:1)
  4 very ugly things
  9 ironheart preservers
  4 stone giants
  Azrael (Snake:2)
  The ghost of Renzlar the Blocker, a journeyman GnFi of Okawaru (Orc:1)
  A deep elf annihilator (Vaults:1)
  2 deep elf death magi (Vaults:1)
  2 ettins
  4 yaktaur captains
  4 ogre magi
  4 fire dragons
  2 great orbs of eyes
  A rakshasa (Vaults:3)
  20 hydras
  7 vault guards
  2 ghost crabs
  A shambling mangrove (Swamp:3)
  21 naga warriors
  7 anacondas
  18 two-headed ogres
  10 centaur warriors
  A dancing weapon (Volcano)
  16 alligators
  4 deep troll shamans
  A death knight (Vaults:3)
  A deep troll earth mage (Vaults:3)
  4 death yaks
  A thrashing horror (Abyss:3)
  A wretched star (Abyss:3)
  7 naga sharpshooters
  4 deep elf knights
  3 fire crabs (Swamp:4)
  3 shadow wraiths
  6 skeletal warriors (Vaults:2)
  6 shock serpents
  A sea snake (Snake:2)
  12 swamp dragons
  3 unseen horrors
  A salamander mystic (Snake:2)
  9 wizards
  9 deep trolls
  A deep elf archer (Vaults:3)
  4 naga ritualists
  2 spriggan druids
  A lindwurm (shapeshifter) (Vaults:2)
  A flayed ghost (Vaults:3)
  A lindwurm (Lair:6)
  35 ugly things
  7 deep elf magi
  10 mana vipers
  9 harpies
  8 orc knights
  3 ironbrand convokers
  5 necromancers
  A tengu skeleton (Vaults:3)
  An oklob plant (Lair:3)
  7 orc sorcerers
  A stone giant zombie (Vaults:1)
  3 wolf spiders
  8 salamanders
  6 cyclopes
  5 toenail golems (Volcano)
  A frost giant skeleton (Vaults:2)
  A worldbinder (Abyss:3)
  25 black mambas
  Maurice (D:13)
  10 guardian serpents
  4 elephants (Lair:4)
  3 centaur zombies
  Psyche (D:8)
  3 molten gargoyles (Lair:6)
  An apocalypse crab (Abyss:5)
  12 spiny frogs
  11 naga magi
  4 gargoyles
  6 vault sentinels
  4 rime drakes
  3 human zombies
  29 yaktaurs
  9 komodo dragons
  An efreet (D:14)
  A kobold demonologist (D:15)
  A freezing wraith (D:14)
  An ancient zyme (Abyss:5)
  18 trolls
  A hornet (shapeshifter) (Vaults:3)
  3 polar bears
  3 meliai (D:15)
  7 bog bodies
  12 tyrant leeches
  10 hornets
  A harpy skeleton (D:15)
  46 slime creatures
  A blink frog (shapeshifter) (Vaults:2)
  13 blink frogs
  4 hippogriffs
  7 raiju
  A centaur simulacrum (D:11)
  2 frost giant simulacra (Vaults:2)
  An ettin skeleton (Abyss:3)
  A large abomination (Abyss:5)
  6 spriggans
  2 vampires
  9 fire bats
  3 wyverns (Lair:6)
  4 shadows
  2 hogs (shapeshifter)
  A water elemental (Abyss:3)
  3 basilisks
  2 wraiths (D:15)
  11 yaks
  3 fire elementals (Snake:2)
  A hog (D:13)
  23 vampire mosquitoes
  6 steam dragons
  2 hungry ghosts
  Menkaure (D:7)
  A human simulacrum (Vaults:2)
  A warg (shapeshifter) (Vaults:3)
  5 insubstantial wisps
  46 nagas
  A soldier ant (D:9)
  9 wargs
  14 swamp worms
  3 acid dragons
  A deep troll zombie (Vaults:1)
  6 hell hounds
  18 water moccasins
  28 orc warriors
  5 porcupines
  A sky beast (D:10)
  3 black bears
  An elf zombie (Vaults:1)
  3 ice beasts
  9 swamp drakes
  31 ogres
  A phantom (D:8)
  2 eyes of draining
  4 boggarts (Vaults:1)
  8 wolves
  15 centaurs
  A human skeleton (Vaults:3)
  A big kobold (D:10)
  2 small abominations
  12 crocodiles
  An elf skeleton (Vaults:3)
  28 bullfrogs
  2 wyvern zombies
  Blork the orc (D:4)
  4 water moccasin zombies (Ossuary)
  2 yaktaur skeletons (Vaults:1)
  2 wyvern skeletons
  3 scorpions
  A water moccasin skeleton (D:9)
  12 killer bees
  2 oklob saplings (D:9)
  4 howler monkeys
  8 electric eels
  6 crimson imps
  3 bullfrog zombies
  5 lava snakes (Lair:6)
  2 quasits
  3 centaur skeletons
  6 jellies
  24 orc priests
  2 hounds
  An iguana (D:7)
  12 orc wizards
  12 worker ants
  3 big kobold zombies (Ossuary)
  2 hound skeletons
  3 mummies
  A worker ant zombie (D:5)
  A howler monkey skeleton (D:4)
  13 adders
  7 shadow imps
  2 white imps (D:11)
  An ooze (D:2)
  3 adder skeletons
  4 adder zombies (Ossuary)
  2 worms (D:2)
  5 leopard geckos
  95 orcs
  12 bats
  2 giant cockroaches
  A gnoll zombie (Ossuary)
  4 goblins
  3 hobgoblins
  12 jackals
  5 quokkas
  10 ball pythons
  2 frilled lizards (D:3)
  3 hobgoblin zombies (Ossuary)
  A jackal zombie (D:3)
  14 kobolds
  4 kobold zombies (Ossuary)
  6 orc zombies (Ossuary)
  A quokka skeleton (D:4)
  6 rats
  A bush (Lair:3)
  A fungus (Lair:5)
  11 plants
  2 starspawn tentacles
1334 creatures vanquished.

Vanquished Creatures (others)
  2 hydras (Swamp:4)
  A two-headed ogre (Orc:2)
  A swamp dragon (Swamp:4)
  A deep elf mage (Vaults:3)
  A steam dragon (Swamp:4)
  4 swamp drakes (Swamp:4)
  A white imp (D:11)
  2 fungi
  2 lurking horrors (Abyss:3)
  6 plants
  4 starspawn tentacles
25 creatures vanquished.

Grand Total: 1359 creatures vanquished

Notes
Turn   | Place    | Note
-------+----------+-------------------------------------------
     0 | D:1      | wrhowe the Minotaur Berserker began the quest for the Orb.
     0 | D:1      | Reached XP level 1. HP: 19/19 MP: 0/0
   711 | D:1      | Reached skill level 4 in Axes
   711 | D:1      | Reached XP level 2. HP: 24/27 MP: 1/1
   928 | D:1      | HP: 1/27 [poisoned by an adder]
  1337 | D:2      | Reached XP level 3. HP: 31/33 MP: 2/2
  1728 | D:2      | Reached ** piety under Trog
  1934 | D:3      | Reached XP level 4. HP: 36/41 MP: 3/3
  2242 | D:3      | Reached skill level 5 in Axes
  2423 | D:3      | Found a faded altar of an unknown god.
  2771 | D:3      | Reached skill level 1 in Throwing
  2871 | D:4      | Reached XP level 5. HP: 41/47 MP: 4/4
  2874 | D:4      | Found a sand-covered staircase.
  2880 | Ossuary  | Entered an ossuary
  2904 | Ossuary  | Reached *** piety under Trog
  2989 | Ossuary  | Reached XP level 6. HP: 46/53 MP: 5/5
  3012 | Ossuary  | Reached skill level 6 in Axes
  3276 | D:4      | Reached skill level 7 in Axes
  3276 | D:4      | Reached XP level 7. HP: 60/60 MP: 6/6
  3341 | D:4      | Reached skill level 5 in Fighting
  3423 | D:4      | Noticed Blork the orc
  3434 | D:4      | Killed Blork the orc
  3583 | D:5      | Entered Level 5 of the Dungeon
  3726 | D:5      | Found a shimmering altar of Xom.
  3727 | D:5      | Found a shimmering altar of Xom.
  3739 | D:5      | Found a shimmering altar of Xom.
  3739 | D:5      | Found a shimmering altar of Xom.
  3930 | D:5      | Found a shimmering altar of Xom.
  4210 | D:5      | Reached skill level 5 in Armour
  4428 | D:6      | Reached skill level 8 in Axes
  4632 | D:6      | Reached **** piety under Trog
  4677 | D:6      | Reached XP level 8. HP: 62/68 MP: 7/7
  4752 | D:6      | Reached skill level 9 in Axes
  4754 | D:6      | Found Ischoiwyl's Weapon Boutique.
  4780 | D:6      | Found Xianut's Jewellery Boutique.
  4876 | D:6      | Found a staircase to the Ecumenical Temple.
  4885 | Temple   | Entered the Ecumenical Temple
  4893 | D:6      | Found Paunkeac's Book Shoppe.
  5197 | D:6      | Found Pure's Antique Armour Shop.
  5206 | D:6      | Bought a bloodstained chain mail for 275 gold pieces
  5216 | D:6      | Identified the +8 chain mail of Ukuprina {MP+9 Str+3 Int+7
                  | Stlth-} (You bought it in a shop on level 6 of the Dungeon)
  5408 | D:7      | Got a distressingly furry robe
  5499 | D:7      | Found a blossoming altar of Fedhas.
  5502 | D:7      | Found an ancient bone altar of Kikubaaqudgha.
  5722 | D:7      | Reached skill level 10 in Axes
  5781 | D:7      | Reached skill level 5 in Throwing
  5781 | D:7      | Reached XP level 9. HP: 61/75 MP: 8/8
  5801 | D:7      | Found an iron altar of Okawaru.
  5802 | D:7      | Found a basalt altar of Yredelemnul.
  5944 | D:7      | Noticed Menkaure
  5946 | D:7      | Killed Menkaure
  6095 | D:7      | Identified a scroll of acquirement
  6121 | D:8      | Found Bevvim's Armour Shoppe.
  6177 | D:8      | Found Naquha's General Store.
  6177 | D:8      | Found Panoeb's Weapon Emporium.
  6186 | D:8      | Found Jeived's Gadget Shop.
  6277 | D:8      | Found Ynguxit's Antique Weapon Shop.
  6401 | D:8      | Found a sacrificial altar of Ru.
  6447 | D:8      | Found a shadowy altar of Dithmenos.
  6453 | D:8      | Reached skill level 11 in Axes
  6515 | D:8      | Found a snail-covered altar of Cheibriados.
  6653 | D:8      | Found an opulent altar of Gozag.
  6675 | D:8      | Found a staircase to the Lair.
  6739 | D:8      | Noticed a two-headed ogre
  6746 | D:8      | Killed a two-headed ogre
  6792 | D:8      | Reached skill level 12 in Axes
  6835 | D:8      | Noticed Psyche
  6841 | D:8      | Killed Psyche
  6841 | D:8      | Reached ***** piety under Trog
  6931 | D:8      | Reached XP level 10. HP: 83/83 MP: 9/9
  7449 | D:9      | Received a gift from Trog
  7477 | D:9      | Reached skill level 13 in Axes
  7502 | D:9      | Noticed a two-headed ogre
  7510 | D:9      | Killed a two-headed ogre
  7789 | D:9      | Found a blossoming altar of Fedhas.
  7946 | D:10     | Entered Level 10 of the Dungeon
  8184 | D:10     | Got a scorched ring mail
  8195 | D:10     | Identified the cursed +0 ring mail "Duellyint" {*Corrode
                  | Slay+5} (You found it on level 10 of the Dungeon)
  8272 | D:10     | Received a gift from Trog
  8487 | D:10     | Reached skill level 14 in Axes
  8572 | D:10     | Noticed a gargoyle
  8577 | D:10     | Killed a gargoyle
  8710 | D:10     | Noticed a gargoyle
  8717 | D:10     | Killed a gargoyle
  8771 | D:10     | Reached XP level 11. HP: 86/92 MP: 10/10
  8890 | D:11     | Noticed a green ugly thing
  8901 | D:11     | Killed a green ugly thing
  8952 | D:11     | Got a pair of twisted gloves
  8958 | D:11     | Identified the +0 pair of gloves of a Labyrinth {rPois rC-
                  | Int+10 Dex+4} (You acquired it on level 11 of the Dungeon)
  9014 | D:11     | You fall into a shaft and drop 2 floors!
  9023 | D:13     | Noticed Maurice
  9030 | D:13     | Killed Maurice
  9040 | D:13     | Reached skill level 15 in Axes
  9043 | D:13     | Received a gift from Trog
  9098 | D:13     | Killed an unseen horror
  9212 | D:13     | Noticed Kirke
  9244 | D:13     | Noticed a green ugly thing
  9263 | D:13     | Noticed a green ugly thing
  9301 | D:12     | Noticed an orc knight
  9333 | D:13     | Reached skill level 1 in Stealth
  9341 | D:13     | Killed an orc knight
  9366 | D:13     | Killed a green ugly thing
  9506 | D:12     | Reached skill level 1 in Unarmed Combat
  9516 | D:12     | Received a gift from Trog
  9523 | D:13     | Killed Kirke
  9523 | D:13     | Reached skill level 16 in Axes
  9586 | D:12     | Found a staircase to the Orcish Mines.
  9613 | D:12     | Found a roughly hewn altar of Beogh.
  9802 | D:12     | Killed an unseen horror
  9803 | D:12     | Received a gift from Trog
  9944 | D:12     | Reached XP level 12. HP: 92/101 MP: 11/11
 10195 | D:12     | Reached skill level 17 in Axes
 10305 | D:12     | Noticed a two-headed ogre
 10311 | D:12     | Killed a two-headed ogre
 10929 | D:6      | Bought a polished chain mail for 275 gold pieces
 10950 | D:6      | Identified the +0 robe "Gulagac" {rC+ Int+4 Dex+2} (You
                  | found it on level 7 of the Dungeon)
 10975 | D:6      | Identified the cursed +0 chain mail "Qeits" {rCorr} (You
                  | bought it in a shop on level 6 of the Dungeon)
 11213 | Lair:1   | Entered Level 1 of the Lair of Beasts
 12188 | Lair:2   | Noticed a six-headed hydra
 12318 | D:8      | Bought the +1 pair of boots of the Trilobite {rElec rN+
                  | Int-3} for 256 gold pieces
 12528 | D:9      | Reached skill level 18 in Axes
 12747 | D:11     | Noticed a death yak
 12754 | D:11     | Killed a death yak
 13170 | D:11     | Noticed a two-headed ogre
 13175 | D:11     | Killed a two-headed ogre
 13451 | Orc:1    | Entered Level 1 of the Orcish Mines
 13500 | Orc:1    | Received a gift from Trog
 13557 | Orc:1    | Found a transporter.
 13620 | Orc:1    | Found a dark tunnel.
 13628 | Volcano  | Entered a volcano
 13727 | Volcano  | Reached XP level 13. HP: 97/111 MP: 12/12
 13809 | Volcano  | Paralysed by a wizard for 3 turns
 14378 | Orc:1    | Noticed Renzlar's ghost (journeyman GnFi)
 14402 | Orc:1    | Reached skill level 19 in Axes
 14473 | Orc:1    | Found a transporter.
 14482 | Orc:1    | Found a roughly hewn altar of Beogh.
 14655 | Orc:2    | Entered Level 2 of the Orcish Mines
 14684 | Orc:2    | Reached skill level 10 in Throwing
 14733 | Orc:2    | Paralysed by an orc sorcerer for 6 turns
 14879 | Orc:1    | Reached skill level 20 in Axes
 14928 | Orc:2    | Reached ****** piety under Trog
 14928 | Orc:2    | Received a gift from Trog
 15004 | Orc:2    | Found Tantied's Antique Armour Emporium.
 15042 | Orc:2    | Found Keelomies's Weapon Boutique.
 15246 | Orc:2    | Found Vaghuosk's Magic Scroll Shoppe.
 15247 | Orc:2    | Found Jabiummud's Weapon Shoppe.
 15260 | Orc:2    | Bought a scroll of identify for 26 gold pieces
 15260 | Orc:2    | Bought a scroll of remove curse for 39 gold pieces
 15260 | Orc:2    | Bought a scroll of identify for 26 gold pieces
 15260 | Orc:2    | Bought a scroll of magic mapping for 45 gold pieces
 15263 | Orc:2    | Found a staircase to the Elven Halls.
 15756 | Orc:2    | Bought a smoking chain mail for 275 gold pieces
 15756 | Orc:2    | Bought a jacinth-studded chain mail for 275 gold pieces
 15766 | Orc:2    | Identified the +2 chain mail "Ropn" {rElec rPois rF++} (You
                  | bought it in a shop on level 2 of the Orcish Mines)
 15776 | Orc:2    | Identified the +7 chain mail of Jom Detz {rN+} (You bought
                  | it in a shop on level 2 of the Orcish Mines)
 15945 | D:8      | Bought a scroll of enchant weapon for 105 gold pieces
 16941 | D:13     | Reached skill level 10 in Armour
 17068 | D:13     | Noticed Rupert
 17076 | D:13     | Paralysed by Rupert for 4 turns
 17086 | D:13     | Paralysed by Rupert for 2 turns
 17088 | D:13     | Killed Rupert
 17088 | D:13     | Reached skill level 10 in Fighting
 17088 | D:13     | Reached XP level 14. HP: 117/121 MP: 13/13
 17291 | D:14     | Found Fuopos's Weapon Emporium.
 17376 | D:14     | Received a gift from Trog
 17377 | D:14     | Got a brightly glowing battleaxe {god gift}
 17382 | D:14     | Identified the +2 battleaxe of Trog {flame, MR+ Int+2 Dex+3
                  | Stlth-} (Trog gifted it to you on level 14 of the Dungeon)
 17729 | D:14     | Found a gate to the Vaults.
 17804 | D:14     | Reached skill level 21 in Axes
 18026 | D:15     | Entered Level 15 of the Dungeon
 18239 | D:15     | Received a gift from Trog
 18247 | D:15     | Reached skill level 5 in Dodging
 18375 | D:15     | Got a smoking war axe {god gift}
 18376 | D:15     | Identified the +8 war axe of Henotheism {chop, Int+2 Dex+4}
                  | (Trog gifted it to you on level 15 of the Dungeon)
 18467 | D:15     | Found a staircase to the Depths.
 18635 | D:15     | Found a corrupted altar of Lugonu.
 19534 | Lair:2   | Reached skill level 22 in Axes
 20148 | Lair:3   | Received a gift from Trog
 20148 | Lair:3   | Reached XP level 15. HP: 129/129 MP: 14/14
 20679 | Lair:3   | Found a staircase to the Snake Pit.
 21136 | Lair:4   | Found a staircase to the Swamp.
 21751 | Lair:5   | You fall into a shaft and drop 1 floor!
 21751 | Lair:6   | Entered Level 6 of the Lair of Beasts
 21957 | Lair:6   | Found a viscous altar of Jiyva.
 21958 | Lair:6   | Found a staircase to the Slime Pits.
 22099 | Lair:6   | Received a gift from Trog
 22411 | Lair:6   | Found a large runed translucent door.
 22472 | Lair:6   | Found a large runed translucent door.
 23334 | Swamp:1  | Entered Level 1 of the Swamp
 23344 | Swamp:1  | Reached skill level 23 in Axes
 23524 | Swamp:1  | Received a gift from Trog
 24361 | Swamp:2  | Reached XP level 16. HP: 139/139 MP: 15/15
 25392 | Swamp:3  | Received a gift from Trog
 25555 | Swamp:3  | Noticed Nikola
 25564 | Swamp:3  | Killed Nikola
 25710 | Swamp:3  | Noticed Bai Suzhen
 25722 | Swamp:3  | Killed Bai Suzhen
 25859 | Swamp:4  | Entered Level 4 of the Swamp
 25877 | Swamp:4  | Received a gift from Trog
 25956 | Swamp:4  | Reached skill level 24 in Axes
 26113 | Swamp:4  | Noticed Louise
 26138 | Swamp:4  | Killed Louise
 26250 | Swamp:4  | Received a gift from Trog
 26375 | Swamp:4  | Got a decaying rune of Zot
 26710 | Swamp:4  | Noticed a thorn hunter
 26718 | Swamp:4  | Noticed a thorn hunter
 26907 | Snake:1  | Entered Level 1 of the Snake Pit
 26995 | Snake:1  | Reached XP level 17. HP: 111/148 MP: 16/16
 26996 | Snake:1  | Noticed Donald
 27009 | Snake:1  | Killed Donald
 28002 | Snake:2  | Noticed Azrael
 28012 | Snake:2  | Killed Azrael
 28012 | Snake:2  | Received a gift from Trog
 28024 | Snake:2  | Noticed Saint Roka
 28038 | Snake:2  | Killed Saint Roka
 28038 | Snake:2  | Reached skill level 25 in Axes
 28070 | Snake:2  | You fall into a shaft and drop 1 floor!
 28224 | Snake:2  | Received a gift from Trog
 28225 | Snake:2  | Got a fine glaive {god gift}
 28244 | Snake:2  | Identified the +8 glaive of Earthquakes {chop, Dex+2} (Trog
                  | gifted it to you on level 2 of the Snake Pit)
 28463 | Snake:3  | Noticed Jorgrun
 28479 | Snake:3  | Killed Jorgrun
 29078 | Snake:3  | Identified Roxanne's Collected Works on Shape Shifting
 29078 | Snake:3  | Noticed Roxanne
 29155 | Snake:4  | Entered Level 4 of the Snake Pit
 29738 | Snake:4  | Received a gift from Trog
 29960 | Snake:4  | Reached XP level 18. HP: 137/158 MP: 17/17
 29970 | Snake:4  | Reached skill level 26 in Axes
 30336 | Snake:4  | Reached skill level 15 in Throwing
 30348 | Snake:4  | Received a gift from Trog
 30536 | Snake:4  | Received a gift from Trog
 30580 | Snake:4  | Got a serpentine rune of Zot
 31274 | Orc:1    | Killed Renzlar's ghost
 31515 | Vaults:1 | Entered Level 1 of the Vaults
 31532 | Vaults:1 | Cast into level 3 of the Abyss (a deep elf sorcerer)
 31609 | Abyss:3  | Found a corrupted altar of Lugonu.
 31642 | Abyss:3  | Found a corrupted altar of Lugonu.
 31652 | Abyss:3  | Found a corrupted altar of Lugonu.
 31724 | Abyss:3  | Noticed a Hell Sentinel
 31785 | Abyss:5  | Entered Level 5 of the Abyss
 31823 | Abyss:5  | Reached skill level 15 in Fighting
 31835 | Vaults:1 | Escaped the Abyss
 32000 | Vaults:1 | Received a gift from Trog
 32194 | Vaults:1 | Received a gift from Trog
 32762 | Vaults:1 | Reached XP level 19. HP: 155/174 MP: 18/18
 32767 | Vaults:1 | Received a gift from Trog
 33774 | Vaults:2 | Received a gift from Trog
 33849 | Vaults:2 | Got a crude silver ring
 33851 | Vaults:2 | Identified the ring "Xol Xux" {rCorr Slay+2} (You found it
                  | on level 2 of the Vaults)
 34783 | Vaults:2 | Received a gift from Trog
 34797 | Vaults:2 | Found a staircase to the Crypt.
 35742 | Vaults:2 | Paralysed by a sphinx for 4 turns
 35818 | Vaults:3 | Received a gift from Trog
 36090 | Vaults:3 | Received a gift from Trog
 36213 | Vaults:3 | Reached XP level 20. HP: 189/191 MP: 15/19
 36468 | Vaults:3 | Reached skill level 15 in Armour
 36489 | Vaults:3 | Noticed Asterion
 36497 | Vaults:3 | Received a gift from Trog
 36501 | Vaults:3 | Killed Asterion
 36504 | Vaults:3 | Noticed Mennas
 36515 | Vaults:3 | HP: 1/191 [Mennas/+4 eudemon blade of holy wrath (12)]
 36515 | Vaults:3 | Mangled by Mennas

Levels and vault maps discovered:
D:1:      dpeg_arrival_arbitrary_c, layout_basic, ebering_dispersal_statue_hall
D:2:      layout_loops_ring, first_ration, hangedman_decor_growths
D:3:      minmay_bubble_buster, layout_rooms, chequers_ecumenical_altar_grove,
          minmay_misc_feat_iff, eino_tiny_chamber, kennysheep_another_room
D:4:      layout_gridville, gup_ossuary_entry_pyramid, dk_noncrumbling_4,
          uniq_blork_the_orc
D:5:      layout_basic, xom_redecorated
D:6:      layout_gridville, minmay_temple_entry_statues_pillars, serial_shops,
          nicolae_shop_waterfront, shop, shop, shop
D:7:      layout_basic, grunt_temple_overflow_growth_and_decay,
          chequers_temple_overflow_statue_of_worship, uniq_menkaure
D:8:      layout_loops_ring, lemuel_doored_altar, nicolae_gozag_seed_capital,
          cheibriados_altar_1, serial_shops, shop, shop, shop, shop, shop,
          basic_altar, uniq_psyche
D:9:      layout_irregular_city, hangedman_pestilent_swarm,
          introduction_to_nature_1
D:10:     layout_gridville
D:11:     layout_gridville, serial_ice, serial_ice_n, serial_ice_d,
          serial_ice_g, serial_ice_j
D:12:     layout_irregular_city, david_orc_5
D:13:     layout_basic, serial_shops, shop, lemuel_flamethrower_3, uniq_maurice,
          uniq_rupert, uniq_kirke
D:14:     layout_gridville, david_vaults_1, serial_shops, nicolae_shop_crystal,
          serial_rivers, chequers_serial_rivers_micro_a,
          chequers_serial_rivers_large_a, chequers_serial_rivers_small_a,
          chequers_serial_rivers_marsh, chequers_serial_rivers_room_b,
          chequers_serial_rivers_small_b, chequers_serial_rivers_room_b,
          drop_trap
D:15:     grunt_enter_depths_magical_seal, layout_long_grid,
          roderic_serpentine_path, tgw_lugonu_bribe
Temple:   minmay_freezing_vapour_temple
Lair:1:   layout_regular_city, minivault_26, grunt_megastairs_3
Lair:2:   layout_layer_cave, grunt_megastairs_1, lemuel_fruit_fields,
          serial_bayou_shore_a
Lair:3:   layout_concentric_octagons, guppyfry_snake_entry_garden,
          minmay_stone_trees_small, minivault_27, st_stairs_6, pond
Lair:4:   layout_roguey, minmay_swamp_entry_worms
Lair:5:   layout_cave_pods
Lair:6:   cheibrodos_lair_end_hotspot, layout_regular_city, slime_altar_1,
          st_stairs_12, infiniplex_staircase_pool
Swamp:1:  layout_basic_swamp, evilmike_swamp_ruin_house_4, swamp_pool4
Swamp:2:  layout_falls_marsh, evilmike_swamp_ruin_house_5
Swamp:3:  layout_basic_swamp, evilmike_swamp_ruin_house_1, swamp_pool4,
          uniq_nikola, uniq_bai_suzhen
Swamp:4:  swamp_fiery, layout_basic_swamp, uniq_louise
Snake:1:  layout_grid_shapes, serial_bayou_ford_a, uniq_donald
Snake:2:  layout_rooms, uniq_azrael, uniq_saint_roka
Snake:3:  layout_rooms, serial_shops, shop_fountains, serial_bayou_lagoon_a,
          nrook_guardian_serpent_double, lemuel_fruit_tree, uniq_roxanne,
          uniq_jorgrun
Snake:4:  johnstein_snake_rune_scales, layout_gridlike
Orc:1:    layout_caves, enter_volcano_1, gammafunk_ghost_arena, basic_altar
Orc:2:    st_orc_open, layout_caves
Vaults:1: serial_ice_m, vaults_mumra_bighexcomb, v_misc_31, vaults_mumra_lcd,
          ontoclasm_vaults_pinch, ontoclasm_vaults_misaligned,
          nicolae_vaults_little_squares_4, hangedman_vaults_pinch,
          grunt_vaults_focal, nicolae_vaults_little_squares_4,
          vaults_dpeg_spiral, v_misc_30, nicolae_vaults_little_squares_5,
          v_alt_pattern_5, ontoclasm_vaults_gateway, layout_vaults_ring
Vaults:2: ontoclasm_vaults_shout, v_rooms_6, v_pattern_4,
          nicolae_vaults_asterisk, serial_ice_b, vaults_dpeg_diagonal,
          layout_vaults_chaotic_city, dummy_crypt_entry
Vaults:3: nicolae_vaults_little_squares_3, nicolae_vaults_what_the_h,
          hangedman_vaults_variations, v_misc_33, v_misc_18, v_misc_27,
          st_greater_box_5, vaults_dpeg_doors, v_misc_27, v_misc_15,
          vaults_room_fancy_cross, vaults_room_pools, v_alt_pattern_4,
          vaults_dpeg_ring, layout_vaults_omnibox, uniq_asterion, uniq_mennas

Skill      XL: |  1  2  3  4  5  6  7  8  9 10 11 12 13 14 15 16 17 18 19 20 |
---------------+-------------------------------------------------------------+-----
Axes           | 4 5 7 8 10 12 14 16 18 20 22 23 24 25 26 | 26.0
Fighting       | 4 5 6 7 8 9 10 11 12 13 16 19 | 19.5
Armour         | 3 4 5 6 7 8 9 10 11 12 13 14 15 | 15.1
Throwing       | 1 2 3 5 6 7 8 9 10 11 12 14 16 | 16.8
Dodging        | 3 4 5 6 7 |  7.4
Stealth        | 1 |  1.6
Unarmed Combat | 1 |  1.9
Polearms       | |  0.8

Action                   |  1- 3 |  4- 6 |  7- 9 | 10-12 | 13-15 | 16-18 | 19-21 || total
-------------------------+-------+-------+-------+-------+-------+-------+-------++-------
Melee: Hand axe          |   101 |   168 |       |       |       |       |       ||   269
       Headbutt          |    21 |    43 |    29 |    96 |   181 |   247 |   124 ||   741
       Battleaxe         |       |     7 |   120 |       |   112 |    30 |       ||   269
       Executioner's axe |       |       |    29 |   413 |   598 |   776 |   398 ||  2214
       Unarmed           |       |       |       |     9 |       |       |    17 ||    26
       War axe           |       |       |       |       |     3 |       |       ||     3
       Glaive            |       |       |       |       |       |    10 |       ||    10
Throw: Dart              |       |     3 |    47 |       |       |       |       ||    50
       Boomerang         |       |       |    22 |    73 |   130 |   219 |     4 ||   448
Invok: Berserk           |       |     1 |       |       |       |       |       ||     1
Evoke: Wand              |       |       |       |       |     1 |       |       ||     1
  Use: Scroll            |     6 |     3 |     9 |    21 |    10 |    15 |    10 ||    74
       Potion            |       |       |       |     3 |     9 |     2 |     3 ||    17
  Eat: Ration            |     1 |     2 |     3 |     8 |    10 |     8 |     3 ||    35
       Chunk             |       |       |       |       |     2 |       |       ||     2
Armor: Scale mail        |    43 |    66 |     7 |       |       |       |       ||   116
       Animal skin       |     1 |       |       |       |       |       |       ||     1
       Chain mail        |       |       |    81 |   264 |   403 |   394 |   195 ||  1337
Dodge: Dodged            |    47 |   100 |   120 |   365 |   545 |   607 |   218 ||  2002
